Map: Lightshade LE

Players

Tonko

  • Race: Zerg Zerg
  • League: Platinum

candybomberz - Winner!

  • Race: Protoss Protoss
  • League: Platinum

VOD

Have the link to the VOD?

Description

Time

  • Played on: Aug. 29, 2021, 2 a.m.
  • Length: 15:03
Show
View Real Time Build Order
Export as new Build Order

Tonko Zerg 

Build Orders: Pool First 

Get SALT Encoding   

  12  0:18  Spawning Pool  
  11  0:22  Drone  
  11  0:26  Drone  
  13  0:30  Drone  
  14  0:40  Overlord  
  14  1:07  Zergling x6  
  17  1:16  Hatchery  
  16  1:22  Drone  
  17  1:36  Drone  
  18  1:52  Hatchery  
  15  2:17  Drone x3  
  15  2:20  Roach Warren  
  15  2:22  Extractor  
  15  2:29  Drone  
  16  2:33  Drone  
  17  2:46  Drone x2  
  17  2:48  Queen  
  17  2:50  Queen  
  23  2:52  Drone  
  23  2:58  Overlord  
  24  3:06  Extractor, Drone  
  24  3:10  Drone x2  
  26  3:20  Drone  
  26  3:21  Drone  
  28  3:30  Drone x2  
  28  3:34  Drone x2  
  32  3:43  Roach x3  
  38  3:53  Roach x2  
  38  3:54  Overlord  
  42  4:14  Drone x3  
  42  4:16  Lair  
  45  4:17  Drone  
  45  4:18  Drone x3  
  45  4:20  Drone  
  50  4:29  Overlord  
  50  4:56  Ravager  
  48  5:13  Drone  
  49  5:14  Drone x7  
  49  5:15  Drone x2  
  49  5:19  Spire  
  57  5:25  Extractor, Hydralisk Den  
  57  5:26  Drone x3  
  57  5:27  Extractor  
  57  5:28  Drone  
  58  5:29  Overlord x5  
  58  5:49  Drone  
  61  5:50  Drone x2  
  61  5:56  Grooved Spines  
  62  5:57  Evolution Chamber  
  62  5:58  Hydralisk  
  62  5:59  Hydralisk x6  
  62  6:00  Hydralisk  
  77  6:07  Hydralisk, Overlord x2  
  79  6:23  Zerg Missile Weapons Level 1  
  79  6:32  Spore Crawler  
  75  6:42  Spore Crawler  
  75  6:44  Spore Crawler  
  73  6:58  Queen, Spore Crawler  
  73  6:59  Extractor, Overlord x3  
  73  7:04  Spore Crawler  
  73  7:07  Drone x2, Spore Crawler x2  
  72  7:09  Muscular Augments  
  72  7:12  Drone x5  
  77  7:19  Drone x5, Infestation Pit  
  81  7:41  Drone x2  
  81  7:42  Extractor, Drone x2  
  81  7:43  Hatchery, Drone x2  
  85  7:44  Drone x3  
  89  8:07  Hatchery  
  88  8:12  Hive  
  88  8:15  Overlord x5  
  88  8:28  Overlord x2  
  88  8:29  Overlord x2  
  88  8:30  Hatchery  
  88  8:32  Hydralisk  
  88  8:33  Hydralisk x7  
  88  8:34  Hydralisk  
  99  8:37  Overseer  
  99  8:40  Overseer  
  99  8:41  Extractor  
  104  8:43  Drone  
  104  8:44  Extractor, Drone x2  
  106  8:48  Drone  
  106  8:49  Drone x2  
  106  8:51  Drone x5  
  114  9:26  Viper x5  
  114  9:30  Zerg Missile Weapons Level 2  
  129  9:36  Drone, Evolution Chamber  
  129  9:37  Drone x7  
  129  9:38  Drone x6  
  142  9:44  Ultralisk Cavern  
  141  9:53  Drone x4, Spine Crawler, Spore Crawler  
  141  9:54  Drone x6, Spine Crawler  
  141  9:55  Spine Crawler  
  147  10:07  Drone x4  
  151  10:14  Drone, Spine Crawler x4  
  151  10:15  Drone, Spore Crawler  
  151  10:16  Spore Crawler  
  153  10:24  Extractor  
  153  10:27  Extractor  
  151  10:31  Chitinous Plating  
  151  10:39  Drone x3  
  151  10:40  Drone x2  
  151  10:41  Drone  
  157  10:45  Spine Crawler  
  157  10:46  Spine Crawler x2  
  157  10:47  Spore Crawler x2  
  157  10:49  Hydralisk, Spore Crawler  
  153  10:50  Hydralisk x11  
  153  10:53  Overlord x2  
  175  11:10  Hydralisk x6  
  175  11:11  Hydralisk x3  
  140  11:42  Viper x4  
  124  11:52  Hydralisk  
  124  11:53  Hydralisk x5  
  130  12:01  Hatchery  
  129  12:12  Adrenal Glands  
  129  12:16  Zerg Missile Weapons Level 3  
  129  12:17  Zerg Ground Armor Level 1  
  129  12:32  Drone  
  117  12:53  Zergling x8  
  117  12:54  Zergling x24  
  117  12:55  Zergling x2  
  97  13:30  Hydralisk  
  97  13:31  Hydralisk x8  
  97  13:32  Hydralisk x8  
  108  14:16  Zergling x12  
  108  14:17  Zergling x22  
  117  14:23  Baneling Nest  
  124  14:36  Zergling x2  
  124  14:37  Zergling x10  
  130  14:42  Hatchery  
Show
View Real Time Build Order
Export as new Build Order

candybomberz Protoss - Winner!

Build Orders: Carriers 

Get SALT Encoding   

  12  0:00  Probe  
  13  0:12  Probe  
  14  0:19  Pylon  
  14  0:24  Probe  
  15  0:37  Probe  
  16  0:43  Gateway  
  16  0:49  Probe  
  17  0:51  Assimilator  
  17  1:01  Probe  
  18  1:14  Probe  
  19  1:22  Gateway  
  19  1:24  Gateway  
  19  1:30  Zealot  
  19  1:31  Probe  
  22  1:42  Cybernetics Core  
  22  1:56  Pylon  
  22  2:05  Zealot  
  23  2:14  Zealot  
  23  2:15  Zealot  
  24  2:25  Probe  
  25  2:38  Probe  
  25  2:41  Assimilator  
  26  2:52  Probe  
  26  2:58  Warp Gate  
  27  3:06  Probe (Chrono Boost)  
  27  3:07  Nexus  
  28  3:16  Probe (Chrono Boost)  
  29  3:22  Probe  
  29  3:24  Pylon  
  30  3:39  Probe  
  31  3:43  Stargate  
  31  3:45  Stargate  
  31  3:52  Probe  
  31  3:54  Pylon  
  32  4:04  Probe (Chrono Boost)  
  33  4:13  Probe (Chrono Boost)  
  34  4:20  Probe (Chrono Boost)  
  34  4:22  Void Ray  
  34  4:23  Probe (Chrono Boost)  
  36  4:27  Void Ray  
  36  4:29  Probe (Chrono Boost)  
  42  4:32  Probe (Chrono Boost)  
  42  4:34  Probe (Chrono Boost)  
  42  4:38  Assimilator  
  47  4:41  Assimilator  
  47  4:42  Probe  
  48  4:46  Probe  
  49  4:59  Stalker  
  47  5:00  Stalker x2  
  51  5:14  Shield Battery  
  51  5:18  Probe (Chrono Boost)  
  52  5:22  Probe (Chrono Boost)  
  52  5:26  Void Ray  
  54  5:30  Probe (Chrono Boost)  
  54  5:32  Probe (Chrono Boost)  
  59  5:48  Probe x2  
  61  5:54  Nexus  
  61  5:55  Pylon  
  61  5:58  Pylon  
  61  6:00  Probe  
  62  6:13  Probe  
  63  6:26  Probe x2  
  63  6:29  Void Ray x2  
  65  6:38  Probe x2  
  75  6:40  Fleet Beacon  
  75  6:45  Twilight Council  
  75  7:24  Carrier x2  
  75  7:27  Pylon  
  75  7:28  Pylon  
  87  7:35  Probe  
  87  7:36  Probe x2  
  90  7:41  Adept  
  92  7:47  Resonating Glaives  
  92  7:56  Probe x3 (Chrono Boost)  
  95  8:03  Assimilator  
  91  8:07  Assimilator  
  91  8:08  Probe x2 (Chrono Boost)  
  91  8:09  Probe (Chrono Boost)  
  94  8:16  Probe x2 (Chrono Boost)  
  94  8:17  Probe (Chrono Boost)  
  97  8:22  Probe x3  
  97  8:24  Adept x2  
  97  8:25  Adept  
  106  8:36  Pylon  
  106  8:37  Pylon  
  106  8:39  Pylon  
  106  8:48  Adept  
  106  8:54  Carrier  
  106  8:55  Pylon  
  114  8:56  Carrier, Pylon  
  120  9:13  Protoss Air Weapons Level 1  
  120  9:28  Adept x3  
  126  9:32  Gateway  
  126  9:33  Gateway  
  126  9:35  Gateway  
  126  9:39  Gateway  
  126  9:42  Gateway  
  126  9:43  Gateway  
  126  9:58  Carrier  
  132  10:00  Carrier  
  132  10:04  Adept x2  
  132  10:05  Adept  
  144  10:25  Pylon x2  
  144  10:27  Pylon  
  144  10:29  Pylon  
  144  10:38  Adept x2  
  148  10:45  Adept x2  
  148  10:46  Adept x5  
  162  11:02  Carrier (Chrono Boost)  
  174  11:04  Carrier (Chrono Boost)  
  118  11:51  Adept  
  118  11:52  Adept x7  
  118  11:53  Adept  
  130  12:04  Carrier (Chrono Boost)  
  130  12:05  Carrier (Chrono Boost)  
  142  12:10  Gateway  
  142  12:11  Gateway  
  142  12:16  Gateway x2  
  142  12:27  Nexus  
  142  12:47  Nexus  
  142  12:50  Pylon  
  142  12:52  Pylon  
  142  12:56  Adept x6  
  142  12:57  Adept x3  
  160  13:01  Carrier  
  160  13:02  Carrier  
  166  13:12  Pylon  
  162  13:16  Pylon  
  140  13:43  Adept x2  
  140  13:44  Adept x5  
  140  13:46  Adept x2  
  161  14:14  Adept x5  
  161  14:15  Adept x4  
  179  14:27  Templar Archives  
  179  14:31  Adept x2  
  179  14:32  Adept x2  
Tags
 
Add a new tag
Caveats
  • Supply blocks, unpowered buildings, or Contaminate may cause inaccurate times.
  • Supply counts are checked every 10 seconds.